DBL
ST. LOUIS CARDINALS @ MILWAUKEE CREAMS
05/09/1997
 
TOP OF THE 1ST
St. Louis Cardinals batting - Pitching for Milwaukee Creams : LHP Matt Young
Pitching: LHP Matt Young
Batting: RHB Jay Bell 0-0: Called Strike
0-1: Foul Ball, location: 2F
0-2: Ball
1-2: Fly out, F4 (Popup, 4D, EV 60.0 MPH)
Batting: RHB John Valentin 0-0: Swinging Strike
0-1: Called Strike
0-2: Ball
1-2: Strikes out swinging
Batting: LHB Brian S Giles 0-0: Fly out, F8 (Line Drive, 8LD, EV 98.1 MPH)
Top of the 1st over - 0 runs, 0 hits, 0 errors, 0 left on base; St. Louis 0 - Milwaukee 0
BOTTOM OF THE 1ST
Milwaukee Creams batting - Pitching for St. Louis Cardinals : LHP Chris Hammond
Pitching: LHP Chris Hammond
Batting: LHB Tom Goodwin 0-0: Ball
1-0: Ball
2-0: Called Strike
2-1: Swinging Strike
2-2: Strikes out swinging
Batting: RHB Mark Loretta 0-0: Ball
1-0: Called Strike
1-1: Swinging Strike
1-2: Ground out 5-3 (Groundball, 56, EV 90.6 MPH)
Batting: SHB Chipper Jones 0-0: Swinging Strike
0-1: Ball
1-1: Ball
2-1: Ball
3-1: Base on Balls
Batting: SHB Ken Caminiti 0-0: Called Strike
0-1: Swinging Strike
0-2: SINGLE (Line Drive, 8RS, EV 97.5 MPH)
Chipper Jones to second
Batting: LHB Carlos Delgado 0-0: Called Strike
0-1: Ball
1-1: Called Strike
1-2: Ball
2-2: Strikes out looking
Bottom of the 1st over - 0 runs, 1 hit, 0 errors, 2 left on base; St. Louis 0 - Milwaukee 0
TOP OF THE 2ND
St. Louis Cardinals batting - Pitching for Milwaukee Creams : LHP Matt Young
Batting: RHB Ivan Calderon 0-0: Ball
1-0: Ground out 5-3 (Groundball, 56S, EV 70.6 MPH)
Batting: LHB Karim Garcia 0-0: Called Strike
0-1: Called Strike
0-2: Foul Ball, location: 2F
0-2: Ball
1-2: Ball
2-2: SINGLE (Groundball, 6MD, EV 105.0 MPH)
Batting: RHB Dickie Thon 0-0: Ball
1-0: Called Strike
1-1: SINGLE (Groundball, 6D, EV 99.4 MPH)
Karim Garcia to second
Batting: LHB Steve Finley 0-0: Ball
1-0: Ball
2-0: Foul Ball, location: 2F
2-1: Ball
3-1: Foul Ball, location: 2F
3-2: Base on Balls
Karim Garcia to third
Dickie Thon to second
Batting: RHB Damian Miller 0-0: Foul Ball, location: 2F
0-1: Foul Ball, location: 2F
0-2: Ball
1-2: Ball
2-2: Ball
3-2: Foul Ball, location: 2F
3-2: Strikes out swinging
Batting: SHB Stan Javier 0-0: Ball
1-0: Foul Ball, location: 2F
1-1: Swinging Strike
1-2: Ball
2-2: Ball
3-2: Ground out 4-3 (Groundball, 4, EV 81.9 MPH)
Top of the 2nd over - 0 runs, 2 hits, 0 errors, 3 left on base; St. Louis 0 - Milwaukee 0
BOTTOM OF THE 2ND
Milwaukee Creams batting - Pitching for St. Louis Cardinals : LHP Chris Hammond
Batting: LHB John Elway 0-0: Ball
1-0: Ball
2-0: SINGLE (Line Drive, 6MD, EV 98.1 MPH)
Batting: SHB Jorge Posada 0-0: Swinging Strike
0-1: SINGLE (Line Drive, 9S, EV 109.4 MPH)
John Elway to second
Batting: SHB Gerald Young 0-0: Ball
1-0: Ball
2-0: Ball
3-0: Base on Balls
John Elway to third
Jorge Posada to second
Batting: RHB Rey Sanchez 0-0: Ball
1-0: Swinging Strike
1-1: Swinging Strike
1-2: Ball
Passed Ball!
John Elway scores
Jorge Posada to third
Gerald Young to second
2-2: Strikes out swinging
Batting: LHB Tom Goodwin 0-0: Ball
1-0: Ball
Wild Pitch!
Jorge Posada scores
Gerald Young to third
2-0: Called Strike
2-1: Swinging Strike
2-2: Strikes out swinging
Batting: RHB Mark Loretta 0-0: Ground out 4-3 (Groundball, 4, EV 79.4 MPH)
Bottom of the 2nd over - 2 runs, 2 hits, 0 errors, 1 left on base; St. Louis 0 - Milwaukee 2
TOP OF THE 3RD
St. Louis Cardinals batting - Pitching for Milwaukee Creams : LHP Matt Young
Batting: RHB Jay Bell 0-0: Called Strike
0-1: Ball
1-1: Foul Ball, location: 2F
1-2: Ball
2-2: Ball
3-2: Foul Ball, location: 2F
3-2: Ground out 4-3 (Groundball, 4, EV 78.8 MPH)
Batting: RHB John Valentin 0-0: Called Strike
0-1: Foul Ball, location: 2F
0-2: Ball
1-2: Ball
2-2: Fly out, F8 (Flyball, 8LXD, EV 106.3 MPH)
Batting: LHB Brian S Giles 0-0: Fly out, F7 (Flyball, 7LM, EV 98.1 MPH)
Top of the 3rd over - 0 runs, 0 hits, 0 errors, 0 left on base; St. Louis 0 - Milwaukee 2
BOTTOM OF THE 3RD
Milwaukee Creams batting - Pitching for St. Louis Cardinals : LHP Chris Hammond
Batting: SHB Chipper Jones 0-0: Ball
1-0: Ball
2-0: Fly out, F8 (Flyball, 8RM, EV 80.6 MPH)
Batting: SHB Ken Caminiti 0-0: Ball
1-0: Swinging Strike
1-1: Fly out, F7 (Line Drive, 7D, EV 87.5 MPH)
Batting: LHB Carlos Delgado 0-0: Ball
1-0: Ball
2-0: Foul Ball, location: 2F
2-1: Foul Ball, location: 2F
2-2: Foul Ball, location: 2F
2-2: Strikes out swinging
Bottom of the 3rd over - 0 runs, 0 hits, 0 errors, 0 left on base; St. Louis 0 - Milwaukee 2
TOP OF THE 4TH
St. Louis Cardinals batting - Pitching for Milwaukee Creams : LHP Matt Young
Batting: RHB Ivan Calderon 0-0: Ball
1-0: Ball
2-0: Fly out, F9 (Line Drive, 9, EV 96.9 MPH)
Batting: LHB Karim Garcia 0-0: Foul Ball, location: 2F
0-1: Swinging Strike
0-2: Ball
1-2: Ball
2-2: Strikes out swinging
Batting: RHB Dickie Thon 0-0: Called Strike
0-1: Ball
1-1: Ball
2-1: Ball
3-1: Called Strike
3-2: Base on Balls
Batting: LHB Steve Finley 0-0: Called Strike
0-1: Ball
1-1: Ground out 4-3 (Groundball, 4S, EV 77.5 MPH)
Top of the 4th over - 0 runs, 0 hits, 0 errors, 1 left on base; St. Louis 0 - Milwaukee 2
BOTTOM OF THE 4TH
Milwaukee Creams batting - Pitching for St. Louis Cardinals : LHP Chris Hammond
Batting: LHB John Elway 0-0: Ball
1-0: Ball
2-0: Ball
3-0: Called Strike
3-1: Foul Ball, location: 2F
3-2: Fly out, F9 (Flyball, 9, EV 91.9 MPH)
Batting: SHB Jorge Posada 0-0: SOLO HOME RUN (Flyball, 78XD, EV 108.1 MPH), Distance : 420 ft
Batting: SHB Gerald Young 0-0: Ball
1-0: Called Strike
1-1: Foul Ball, location: 2F
1-2: Strikes out swinging
Batting: RHB Rey Sanchez 0-0: Ball
1-0: Ball
2-0: Foul Ball, location: 2F
2-1: Ball
3-1: Foul Ball, location: 2F
3-2: SINGLE (Groundball, 56D, EV 107.5 MPH)
Batting: LHB Tom Goodwin 0-0: Ball
1-0: SINGLE (Groundball, 4MD, EV 106.3 MPH)
Rey Sanchez to second
Runner from 2nd tries for 3rd, SAFE, throw by CF made to third
Batting: RHB Mark Loretta 0-0: Ball
1-0: Called Strike
Tom Goodwin steals 2nd base (no throw)
1-1: Ground out 6-3 (Groundball, 6S, EV 78.8 MPH)
Bottom of the 4th over - 1 run, 3 hits, 0 errors, 2 left on base; St. Louis 0 - Milwaukee 3
TOP OF THE 5TH
St. Louis Cardinals batting - Pitching for Milwaukee Creams : LHP Matt Young
Batting: RHB Damian Miller 0-0: Foul Ball, location: 2F
0-1: DOUBLE (Flyball, 89D, EV 103.8 MPH)
Batting: SHB Stan Javier 0-0: Ball
1-0: Called Strike
1-1: Foul Ball, location: 2F
1-2: Foul Ball, location: 2F
1-2: Ball
2-2: Ball
3-2: Base on Balls
Batting: RHB Jay Bell 0-0: Bunt missed!
0-1: Bunted foul
0-2: Ball
1-2: Strikes out looking
Batting: RHB John Valentin 0-0: Swinging Strike
0-1: Grounds into double play, 6-4-3 (Groundball, 6, EV 93.8 MPH)
Top of the 5th over - 0 runs, 1 hit, 0 errors, 1 left on base; St. Louis 0 - Milwaukee 3
BOTTOM OF THE 5TH
Milwaukee Creams batting - Pitching for St. Louis Cardinals : LHP Chris Hammond
Batting: SHB Chipper Jones 0-0: Ball
1-0: Called Strike
1-1: Fly out, F8 (Line Drive, 8LD, EV 86.9 MPH)
Batting: SHB Ken Caminiti 0-0: Foul Ball, location: 2F
0-1: Ball
1-1: Foul Ball, location: 2F
1-2: Ball
2-2: Foul Ball, location: 2F
2-2: Fly out, F8 (Flyball, 8RM, EV 98.8 MPH)
Batting: LHB Carlos Delgado 0-0: Ball
1-0: Ball
2-0: Called Strike
2-1: Ground out 6-3 (Groundball, 6M, EV 89.4 MPH)
Bottom of the 5th over - 0 runs, 0 hits, 0 errors, 0 left on base; St. Louis 0 - Milwaukee 3
TOP OF THE 6TH
St. Louis Cardinals batting - Pitching for Milwaukee Creams : LHP Matt Young
Batting: LHB Brian S Giles 0-0: Ball
1-0: Ball
2-0: SINGLE (Line Drive, 4D, EV 108.8 MPH)
Batting: RHB Ivan Calderon 0-0: Called Strike
0-1: Fielders Choice at 2nd, 5-4 (Groundball, 5S, EV 87.5 MPH)
Batting: LHB Karim Garcia 0-0: Ground out 4-3 (Groundball, 4, EV 91.9 MPH)
Ivan Calderon to second
Batting: RHB Dickie Thon 0-0: Called Strike
0-1: DOUBLE (Line Drive, 9LM, EV 101.9 MPH)
Ivan Calderon scores
Batting: LHB Steve Finley 0-0: Called Strike
0-1: Fly out, F6 (Popup, 6S, EV 80.6 MPH)
Top of the 6th over - 1 run, 2 hits, 0 errors, 1 left on base; St. Louis 1 - Milwaukee 3
BOTTOM OF THE 6TH
Milwaukee Creams batting - Pitching for St. Louis Cardinals : LHP Chris Hammond
Batting: LHB John Elway 0-0: Ball
1-0: Ball
2-0: Foul Ball, location: 2F
2-1: Foul Ball, location: 2F
2-2: Ball
3-2: Foul Ball, location: 2F
3-2: Ground out 1-3 (Groundball, 34S, EV 79.4 MPH)
Batting: SHB Jorge Posada 0-0: Called Strike
0-1: Ball
1-1: Ball
2-1: Ball
3-1: Called Strike
3-2: Strikes out swinging
Batting: SHB Gerald Young 0-0: Swinging Strike
0-1: Bunt missed!
0-2: Ball
1-2: Ball
2-2: Strikes out looking
Bottom of the 6th over - 0 runs, 0 hits, 0 errors, 0 left on base; St. Louis 1 - Milwaukee 3
TOP OF THE 7TH
St. Louis Cardinals batting - Pitching for Milwaukee Creams : LHP Matt Young
Batting: RHB Damian Miller 0-0: Called Strike
0-1: Called Strike
0-2: Ball
1-2: Foul Ball, location: 2F
1-2: Foul Ball, location: 2F
1-2: Foul Ball, location: 2F
1-2: Ball
2-2: Strikes out looking
Batting: SHB Stan Javier 0-0: Fly out, F7 (Flyball, 7, EV 79.4 MPH)
Batting: RHB Jay Bell 0-0: Ground out 5-3 (Groundball, 5, EV 85.0 MPH)
Top of the 7th over - 0 runs, 0 hits, 0 errors, 0 left on base; St. Louis 1 - Milwaukee 3
BOTTOM OF THE 7TH
Milwaukee Creams batting - Pitching for St. Louis Cardinals : LHP Chris Hammond
Pitching: RHP Mariano Rivera
Batting: RHB Rey Sanchez 0-0: Ball
1-0: Called Strike
1-1: Ball
2-1: Swinging Strike
2-2: Ball
3-2: Fly out, F8 (Flyball, 8LD, EV 102.5 MPH)
Batting: LHB Tom Goodwin 0-0: Foul Ball, location: 2F
0-1: Fly out, F8 (Line Drive, 8RM, EV 96.3 MPH)
Batting: RHB Mark Loretta 0-0: Ball
1-0: Foul Ball, location: 2F
1-1: Ball
2-1: Called Strike
2-2: Ball
3-2: Foul Ball, location: 2F
3-2: Base on Balls
Batting: SHB Chipper Jones 0-0: Called Strike
0-1: Ball
1-1: Swinging Strike
1-2: Ball
2-2: Foul Ball, location: 2F
2-2: Strikes out swinging
Bottom of the 7th over - 0 runs, 0 hits, 0 errors, 1 left on base; St. Louis 1 - Milwaukee 3
TOP OF THE 8TH
St. Louis Cardinals batting - Pitching for Milwaukee Creams : LHP Matt Young
Batting: RHB John Valentin 0-0: Ball
1-0: Ball
2-0: Ball
3-0: Base on Balls
Batting: LHB Brian S Giles 0-0: Ball
1-0: Ball
2-0: Foul Ball, location: 2F
2-1: Fielders Choice at 2nd, 4-6 (Groundball, 4, EV 82.5 MPH)
Pitching: LHP Jeff Calhoun
Batting: RHB Ivan Calderon 0-0: Foul Ball, location: 2F
0-1: Ball
1-1: Fly out, F8 (Flyball, 89M, EV 83.1 MPH)
Batting: LHB Karim Garcia 0-0: Foul Ball, location: 2F
0-1: Foul Ball, location: 2F
0-2: Ball
1-2: Foul Ball, location: 2F
1-2: Strikes out swinging
Top of the 8th over - 0 runs, 0 hits, 0 errors, 1 left on base; St. Louis 1 - Milwaukee 3
BOTTOM OF THE 8TH
Milwaukee Creams batting - Pitching for St. Louis Cardinals : RHP Mariano Rivera
Pitching: LHP Randy Myers
Batting: SHB Ken Caminiti 0-0: Called Strike
0-1: Foul Ball, location: 2F
0-2: Fly out, F8 (Flyball, 8LXD, EV 93.1 MPH)
Batting: LHB Carlos Delgado 0-0: Foul Ball, location: 2F
0-1: Swinging Strike
0-2: Ball
1-2: Ball
2-2: Strikes out looking
Batting: LHB John Elway 0-0: Foul Ball, location: 2F
0-1: Swinging Strike
0-2: Ball
1-2: Ground out 4-3 (Groundball, 4, EV 98.1 MPH)
Bottom of the 8th over - 0 runs, 0 hits, 0 errors, 0 left on base; St. Louis 1 - Milwaukee 3
TOP OF THE 9TH
St. Louis Cardinals batting - Pitching for Milwaukee Creams : LHP Jeff Calhoun
Batting: RHB Dickie Thon 0-0: Ball
1-0: Called Strike
1-1: Ball
2-1: Ground out 6-3 (Groundball, 56D, EV 83.8 MPH)
Batting: LHB Steve Finley 0-0: Swinging Strike
0-1: Ball
1-1: Fly out, F5 (Popup, 5DF, EV 70.0 MPH)
Batting: RHB Damian Miller 0-0: Called Strike
0-1: Ball
1-1: Ball
2-1: Called Strike
2-2: Ground out 6-3 (Groundball, 6MD, EV 79.4 MPH)
Top of the 9th over - 0 runs, 0 hits, 0 errors, 0 left on base; St. Louis 1 - Milwaukee 3
Friday, February 6th, 2026 - OOTP Baseball 20.8 Build 74